 Dungeon Crawl Stone Soup version 0.26.1-11-gd32895ea62 (webtiles) character file.

Game seed: 2907248837958142724

34 jlumianski the Caller (level 3, 0/14 HPs)
             Began as a Felid Summoner on May 26, 2021.
             Slain by a gnoll
             ... wielding a +1 halberd of venom
              (14 damage)
             ... on level 2 of the Dungeon.
             The game lasted 00:05:41 (1564 turns).

jlumianski the Caller (Felid Summoner)              Turns: 1564, Time: 00:05:42

Health: 0/14       AC:  1    Str:  4    XL:     3   Next: 14%
Magic:  1/7        EV: 18    Int: 17    God:
Gold:   119        SH:  0    Dex: 16    Spells: 3/6 levels left
                                        Lives:  0   Deaths: 0

rFire    . . .     SeeInvis +   (weapon unavailable)
rCold    . . .     Faith    .   (shield unavailable)
rNeg     . . .     Spirit   .   (armour unavailable)
rPois    .         Reflect  .   (helmet unavailable)
rElec    .         Harm     .   (cloak unavailable)
rCorr    .         Rampage  .   (gloves unavailable)
Will     .....                  (boots unavailable)
Stlth    +++.......             (no amulet)
HPRegen  0.04/turn              (no ring)
MPRegen  0.10/turn              (no ring)

@: quick
A: very small, no armour, no weapons or thrown items, stealth, claws 1, fangs 3,
see invisible, speed 1, shaggy fur 1, sharp paws
a: no special abilities


You were on level 2 of the Dungeon.
You visited 1 branch of the dungeon, and saw 2 of its levels.

You collected 119 gold pieces.

Inventory:

Scrolls
 a - 2 scrolls of enchant armour {unknown}
 b - a scroll of teleportation {unknown}
 d - 4 scrolls of identify {unknown}
 e - a scroll of noise {unknown}
 f - 2 scrolls of blinking {unknown}
 i - 3 scrolls of remove curse {unknown}
Potions
 c - a potion of berserk rage {unknown}
 g - a potion of flight {unknown}
 h - a potion of heal wounds {unknown}


   Skills:
 + Level 2.6 Dodging
 + Level 2.8 Stealth
 + Level 0.1 Unarmed Combat
 + Level 2.2 Spellcasting
 + Level 4.8 Summonings


You had 3 spell levels left.
You knew the following spells:

 Your Spells              Type           Power        Failure   Level
a - Summon Small Mammal   Summ           72%          2%          1
b - Call Imp              Summ           18%          3%          2

Your spell library contained the following spells:

 Spells                   Type           Power        Failure   Level
 Call Canine Familiar     Summ           18%          8%          3
 Summon Guardian Golem    Hex/Summ       10%          21%         3
 Summon Ice Beast         Ice/Summ       10%          56%         4
 Summon Lightning Spire   Summ/Air       10%          56%         4


Dungeon Overview and Level Annotations

Branches:
Dungeon (2/15)

Altars:
Okawaru


Innate Abilities, Weirdness & Mutations

You cannot wear armour.
You are incapable of wielding weapons or throwing items.
Your paws allow you to move quietly. (Stealth)
You have sharp claws.
You have razor-sharp teeth.
You have supernaturally acute eyesight. (SInv)
You cover ground quickly.
You are covered in fur. (AC +1)
Your sharp claws are effective at attacking unaware monsters.


Message History

Your crimson imp looks more healthy.
Your quokka barely misses the gnoll.
Your bat hits the gnoll but does no damage.
The gnoll barely misses you.
Your crimson imp hits the gnoll.
The gnoll hits your quokka but does no damage.
The goblin barely misses your crimson imp.
Your crimson imp misses the goblin.
Your quokka barely misses the gnoll.
The gnoll closely misses you. The gnoll hits your quokka!
Your quokka dies!
Your quokka's corpse disappears in a puff of smoke!
The goblin misses your crimson imp.
Your crimson imp hits the gnoll but does no damage.
Your crimson imp disappears in a puff of smoke!
Your bat hits the gnoll but does no damage.
The gnoll closely misses you.
Your bat closely misses the gnoll.
Your bat barely misses the gnoll. x2
The gnoll barely misses your bat.
The gnoll hits you from afar with a +1 halberd of venom!
Ouch! That really hurt!
You die...

############# ####
##@..........# ..#
#ยง.........(.# #.#
#g5..........#
#######.###g.gb........# ####
'.........(............+ .>..
######.#g#............######
#.#.#..................
#######.#.#.................#
#......g#.#########..........


You could see 2 gnolls, a goblin, a friendly crimson imp (summoned) and a
friendly bat (summoned).

Vanquished Creatures
  A bat (D:1)
1 creature vanquished.

Vanquished Creatures (collateral kills)
  A worker ant zombie (D:2)
  An adder (D:1)
  4 dart slugs (D:1)
  A leopard gecko (D:2)
  A bat (D:1)
  5 giant cockroaches
  2 goblins (D:1)
  3 hobgoblins (D:1)
  2 kobolds
  4 rats
24 creatures vanquished.

Grand Total: 25 creatures vanquished

Notes
Turn   | Place    | Note
-------+----------+-------------------------------------------
     0 | D:1      | jlumianski the Felid Summoner began the quest for the Orb.
     0 | D:1      | Reached XP level 1. HP: 7/7 MP: 4/4
   236 | D:1      | Reached XP level 2. HP: 11/11 MP: 1/6
   239 | D:1      | Learned a level 2 spell: Call Imp
  1253 | D:2      | Found an iron altar of Okawaru.
  1413 | D:2      | Reached XP level 3. HP: 14/14 MP: 4/7
  1564 | D:2      | Slain by a gnoll

Illustrated notes

Levels and vault maps discovered:
D:1:      nzn_arrival_crosshair, layout_loops_cross
D:2:      layout_basic, nzn_hepliaklqana_mist_gate, okawaru_ov_weapons_minmay,
          uniq_robin

Action                   || total
-------------------------++-------
Melee: Unarmed           ||     5
 Cast: Summon Small Mamm ||    53
       Call Imp          ||    11
 Stab: Sleeping          ||     3
Armor: Skin              ||     3
Dodge: Dodged            ||    25
